 Dungeon Crawl Stone Soup version 0.31-a0-214-gb37851dbb3 (webtiles) character file.

Game seed: 12527210607310438018

18027 holysushi the Impaler (level 12, -3/87 HPs)
             Began as a Formicid Monk on July 1, 2023.
             Was a Follower of Yredelemnul.
             Slain by a wolf spider (13 damage)
             ... in a Gauntlet on July 2, 2023.
             The game lasted 00:29:50 (14809 turns).

holysushi the Impaler (Formicid Monk)              Turns: 14809, Time: 00:29:50

Health: -3/87      AC:  2    Str: 19    XL:     12   Next: 90%
Magic:  15/15      EV: 20    Int: 16    God:    Yredelemnul [*.....]
Gold:   439        SH: 14    Dex: 18    Spells: 11/11 levels left

rFire   . . .        o - +2 halberd of the Moon {spect, *Corrode Fly Int+6}
rCold   . . .        D - +3 kite shield
rNeg    + . .        F - +1 leather armour {Will+}
rPois   .            (helmet unavailable)
rElec   .            A - +0 cloak
rCorr   .            a - +0 pair of gloves
SInv    +            (no boots)
Will    ++...        I - amulet of faith
Stlth   ++           w - +5 ring of evasion
HPRegen 0.34/turn    B - ring of positive energy
MPRegen 0.14/turn

%: corrode self (3%), faith
@: mighty, corroded, flying
A: permanent stasis, dig shafts and tunnels, antennae 3, four strong arms
a: Dig, Renounce Religion, Recall Undead Harvest


You were in a Gauntlet.
You worshipped Yredelemnul.
Yredelemnul was noncommittal.
You visited 2 branches of the dungeon, and saw 14 of its levels.
You also visited: Sewer and Gauntlet.

You collected 752 gold pieces.
You spent 313 gold pieces at shops.

Inventory:

Hand Weapons
 o - the +2 halberd of the Moon (weapon) {spect, *Corrode Fly Int+6}
   (You found it on level 11 of the Dungeon)

   Int:       It affects your intelligence (+6).
   Fly:       It grants you flight.
   *Corrode:  It may corrode you when you take damage.
 r - a +5 halberd
Armour
 a - a +0 pair of gloves (worn)
 A - a +0 cloak (worn)
 D - a +3 kite shield (worn)
 E - a +0 ring mail of fire resistance
 F - a +1 leather armour of willpower (worn)
Jewellery
 w - a +5 ring of evasion (left hand)
 B - a ring of positive energy (right hand)
 G - a +6 ring of intelligence
 I - an amulet of faith (around neck)
Wands
 c - a wand of flame (24)
 k - a wand of roots (15)
 q - a wand of light (3)
 u - a wand of paralysis (4)
Scrolls
 b - a scroll of torment
 g - a scroll of identify
 j - 3 scrolls of noise
 l - 2 scrolls of immolation
 v - a scroll of butterflies
 x - a scroll of amnesia
 y - a scroll of revelation
 C - a scroll of poison
Potions
 d - a potion of berserk rage
 e - 3 potions of enlightenment
 f - 4 potions of attraction
 h - 4 potions of mutation
 i - 2 potions of magic
 n - 4 potions of brilliance
 p - a potion of cancellation
 s - a potion of resistance
 t - 2 potions of lignification
 z - a potion of heal wounds
 H - a potion of invisibility
 J - 2 potions of curing


   Skills:
 + Level 5.9 Fighting
 - Level 16.0 Polearms
 + Level 8.4 Dodging
 + Level 3.4 Stealth
 + Level 6.2 Shields
 - Level 4.0 Invocations
 - Level 5.0 Evocations


You had 11 spell levels left.
You didn't know any spells.
Your spell library contained the following spells:

 Spells                   Type           Power      Damage    Failure   Level
 Slow                     Hex            0%         N/A       56%         1
 Cigotuvi's Dreadful Rot  Necr/Pois/Air  0%         N/A       71%         2
 Ensorcelled Hibernation  Hex/Ice        0%         N/A       71%         2
 Confusing Touch          Hex            0%         N/A       90%         3
 Ignite Poison            Fire/Tmut/Pois 0%         N/A       90%         3
 Inner Flame              Hex/Fire       0%         N/A       90%         3
 Spider Form              Tmut/Pois      0%         N/A       90%         3
 Vampiric Draining        Necr           0%         2d6       90%         3
 Anguish                  Hex/Necr       0%         N/A       100%        4
 Flame Wave               Conj/Fire      0%         2d4       100%        4
 Manifold Assault         Tloc           0%         N/A       100%        4
 Sticky Flame             Conj/Fire      0%         2d3       100%        4
 Summon Ice Beast         Ice/Summ       0%         N/A       100%        4
 Alistair's Intoxication  Tmut/Pois      0%         N/A       100%        5
 Freezing Cloud           Conj/Ice/Air   0%         6-21      100%        5
 Summon Forest            Summ/Tloc      0%         N/A       100%        5
 Summon Mana Viper        Hex/Summ       0%         N/A       100%        5
 Yara's Violent Unravell  Hex/Tmut       0%         3d3       100%        5
 Enfeeble                 Hex            0%         N/A       100%        7
 Haunt                    Necr/Summ      0%         N/A       100%        7
 Monstrous Menagerie      Summ           0%         N/A       100%        7
 Storm Form               Tmut/Air       0%         N/A       100%        7
 Infestation              Necr           0%         N/A       100%        8
 Blink                    Tloc           Unusable   N/A       N/A         2
 Animate Dead             Necr           Unusable   N/A       N/A         4

Dungeon Overview and Level Annotations

Branches:
Dungeon (13/15) Zot: 26760  Temple (1/1) D:5 Zot: 5793    Lair (0/5) D:8
    Orc (0/2) D:12          Sewer (visited)         Gauntlet (1/1) Zot: 5760
 Vaults: D:13-14

Altars:
Ashenzari
Cheibriados
Dithmenos
Elyvilon
Fedhas
Gozag
Hepliaklqana
Kikubaaqudgha
Makhleb
Nemelex Xobeh
Okawaru
Qazlal
Ru
Sif Muna
Trog
Uskayaw
Vehumet
Wu Jian
Xom
Yredelemnul
Zin
The Shining One
Jiyva

Shops:
D:7 ([

Annotations:
D:10 3 runed translucent doors, SirDiesAlot's ghost, journeyman OpFE
D:12 3 runed translucent doors, innerfire43's ghost, journeyman DsMo Gauntlet 7 transporters


Innate Abilities, Weirdness & Mutations

You cannot be hasted, slowed, berserked, paralysed or teleported.
You can dig through walls and to a lower floor.
You have a pair of large antennae on your head. (SInv)
Your four strong arms can wield two-handed weapons with a shield.


Message History

The wolf spider bites your swamp worm zombie!
You hit the entropy weaver.
The entropy weaver is heavily wounded.
Your +2 halberd of the Moon {spect, *Corrode Fly Int+6} hits the entropy weaver from afar!!
The grasping roots constrict the entropy weaver!
The entropy weaver hits you.
The entropy weaver hits you but does no damage.
The entropy weaver hits you!
Your corrosive artefact corrodes you!
The entropy weaver misses you.
The wolf spider hits your swamp worm zombie!
The wolf spider bites your swamp worm zombie!
Your swamp worm zombie is destroyed!
The jumping spider closely misses you. The jumping spider bites you.
You puncture the entropy weaver!
The entropy weaver is almost dead.
Your +2 halberd of the Moon {spect, *Corrode Fly Int+6} hits the entropy weaver from afar!
You kill the entropy weaver!
The dead are walking!
You block the jumping spider's attack. The jumping spider bites you!
Your Shields skill increases to level 6!
You hit the wolf spider.
The wolf spider is moderately wounded.
Your +2 halberd of the Moon {spect, *Corrode Fly Int+6} hits the wolf spider!
The wolf spider hits you. The wolf spider bites you!
* * * LOW HITPOINT WARNING * * *
You block the jumping spider's attack. The jumping spider misses you.
You barely miss the wolf spider.
The wolf spider is heavily wounded.
Your +2 halberd of the Moon {spect, *Corrode Fly Int+6} barely misses the wolf spider.
You block the jumping spider's attack. x2; The wolf spider hits you.
* * * LOW HITPOINT WARNING * * *
The wolf spider bites you!
* * * LOW HITPOINT WARNING * * *
You feel much better.
Your +2 halberd of the Moon {spect, *Corrode Fly Int+6} disappears.
The wolf spider hits you!!
* * * LOW HITPOINT WARNING * * *
The wolf spider bites you!
You die...
Your body rises from the dead as a mindless zombie.

###.###.#...#.#.###$#...#.⌠.#
#.......#.⌠.#.33....#.∩.#...#
#########...#########...#.©.#
........#.⌠.....#.....⌠.#...#
#########...#########...#.©.#
###..hhy#.⌠.#.#.....#.∩.#...#
####.##h#...#.#.###(#...#.⌠.#
#hhh.##h#.⌠.#.###...#..##.....
#h#.©.#h#©.©#.Z.@s.©#.## ⌠.##
#y##...?#####.###s.(#.≈## ..
#h##.####...#.#.###=#.≈≈#
#....h###.⌠.#.#.....#.≈##
#########...#########.##
......................≈##
#≈≈≈#≈≈≈#≈≈≈#≈≈≈#≈≈≈#≈≈≈#
##≈###≈###≈###≈###≈###≈## ###
### ### ### ### ###


You could see a wolf spider, 2 sixfirhies, a jumping spider (ally target) and a
friendly entropy weaver zombie.

Vanquished Creatures
  Gastronok (D:11)
  An entropy weaver (Gauntlet)
  2 two-headed ogres (D:10)
  A tengu warrior (D:13)
  The ghost of abessonov the Scholar of Death, a novice DsNe of Kikubaaqudgha (D:11)
  A necromancer (Gauntlet)
  2 manticores
  A cyclops (D:12)
  2 slime creatures (D:12)
  A rime drake (D:8)
  A komodo dragon (D:11)
  3 trolls
  4 centaur simulacra (D:12)
  A vampire (D:11)
  A wraith (D:9)
  9 yaks
  2 steam dragons (D:9)
  6 vampire mosquitoes
  2 swamp worms (Gauntlet)
  A two-headed ogre zombie (D:12)
  2 water moccasins (D:8)
  A black bear (D:5)
  8 ice beasts
  A sky beast (D:7)
  An ogre (D:6)
  9 wolves
  A centaur (D:6)
  3 phantoms
  6 kobold brigands
  2 gnoll sergeants
  4 scorpions
  5 bullfrogs
  7 wights
  18 killer bees
  2 howler monkeys
  An electric eel (D:12)
  2 jellies
  3 hounds
  4 orc priests
  A gnoll bouda (D:10)
  4 iguanas
  Ijyb (D:4)
  Natasha (twice) (D:2 D:1)
  5 orc wizards
  5 ogre zombies (D:12)
  Robin (D:3)
  14 gnolls
  4 river rats
  5 adders
  6 white imps
  2 ufetubi (D:12)
  9 worms
  A dart slug (D:2)
  31 orcs
  7 ball pythons
  11 endoplasms
  A giant cockroach (D:3)
  12 goblins
  8 hobgoblins
  21 kobolds
  A quokka (D:1)
  6 bats
  4 frilled lizards
  3 goblin zombies (D:12)
  A hobgoblin zombie (D:12)
  An orc skeleton (D:12)
  10 orc zombies (D:12)
  11 rats
311 creatures vanquished.

Vanquished Creatures (collateral kills)
  A slime creature (D:12)
  3 yaks (D:9)
  A two-headed ogre zombie (D:12)
  A wolf (D:12)
  A phantom (D:12)
  A scorpion (D:6)
  A wight (D:9)
  2 killer bees
  A howler monkey (D:10)
  An electric eel (D:12)
  A jelly (D:7)
  Crazy Yiuf (D:5)
  An orc wizard (D:9)
  An ogre zombie (D:12)
  4 gnolls
  A white imp (D:12)
  3 orcs
  A goblin zombie (D:12)
  A hobgoblin zombie (D:12)
  2 orc skeletons (D:12)
  6 orc zombies (D:12)
35 creatures vanquished.

Vanquished Creatures (others)
  A swamp worm zombie (Gauntlet)
  A human zombie (Gauntlet)
  A two-headed ogre zombie (D:10)
  2 yak zombies (D:12)
  A troll zombie (D:11)
  2 wolf zombies (Gauntlet)
  A bullfrog zombie (D:6)
  A centaur zombie (D:6)
  An orc priest (D:6)
  A scorpion zombie (D:6)
  4 killer bee zombies
  5 ice beast zombies
  A hound zombie (D:5)
  A howler monkey zombie (D:11)
  A steam dragon zombie (D:9)
  An adder (D:3)
  2 iguana zombies
  2 spectral white imps (D:12)
  A dart slug (D:3)
  2 orcs (D:6)
  10 gnoll zombies
  2 kobold zombies (D:8)
  15 orc zombies
59 creatures vanquished.

Grand Total: 405 creatures vanquished

Notes
Turn   | Place    | Note
-------+----------+-------------------------------------------
     0 | D:1      | holysushi the Formicid Monk began the quest for the Orb.
     0 | D:1      | Reached XP level 1. HP: 18/18 MP: 1/1
    63 | D:1      | Reached XP level 2. HP: 24/24 MP: 2/2
   612 | D:1      | Found a faded altar of an unknown god.
   746 | D:2      | Reached skill level 4 in Polearms
   746 | D:2      | Reached XP level 3. HP: 29/29 MP: 3/3
   785 | D:2      | Noticed Natasha
   799 | D:2      | Killed Natasha
   800 | D:2      | Reached XP level 4. HP: 29/35 MP: 4/4
   907 | D:2      | Noticed Natasha
   931 | D:1      | Killed Natasha
   932 | D:1      | Reached skill level 5 in Polearms
  1567 | D:2      | Reached XP level 5. HP: 33/41 MP: 5/5
  1747 | D:3      | Noticed Robin
  1767 | D:3      | Killed Robin
  1881 | D:3      | Found a glowing drain.
  1885 | Sewer    | Entered a sewer
  1915 | Sewer    | Noticed a kobold brigand
  1940 | Sewer    | Killed a kobold brigand
  1941 | Sewer    | Reached skill level 6 in Polearms
  1941 | Sewer    | Reached XP level 6. HP: 22/47 MP: 6/6
  2191 | Sewer    | Reached skill level 7 in Polearms
  2428 | Sewer    | Reached XP level 7. HP: 46/52 MP: 7/7
  2747 | Sewer    | Reached skill level 8 in Polearms
  3249 | D:3      | Found a shimmering altar of Xom.
  3734 | D:4      | Found a bloodstained altar of Trog.
  4111 | D:4      | Found a glowing silver altar of Zin.
  4449 | D:4      | Noticed Ijyb
  4462 | D:3      | Reached XP level 8. HP: 58/58 MP: 8/8
  4488 | D:4      | Killed Ijyb
  4489 | D:4      | Reached skill level 9 in Polearms
  4812 | D:5      | Entered Level 5 of the Dungeon
  4819 | D:5      | Found a staircase to the Ecumenical Temple.
  4830 | Temple   | Entered the Ecumenical Temple
  4994 | Temple   | Became a worshipper of Yredelemnul the Dark
  4994 | Temple   | Reached * piety under Yredelemnul
  4994 | Temple   | Reached ** piety under Yredelemnul
  5058 | D:5      | Reached skill level 1 in Evocations
  5150 | D:5      | Found a runed translucent door.
  5151 | D:5      | Noticed Crazy Yiuf
  5417 | D:5      | Reached skill level 10 in Polearms
  5558 | D:5      | Reached *** piety under Yredelemnul
  5833 | D:5      | Killed Crazy Yiuf
  5929 | D:6      | Reached XP level 9. HP: 62/64 MP: 9/9
  5971 | D:6      | Reached skill level 1 in Shields
  6224 | D:6      | Reached skill level 11 in Polearms
  6904 | D:7      | Found Xywkoshu's Antique Weapon Shoppe.
  7364 | D:7      | Found a burning altar of Makhleb.
  7371 | D:7      | Found a sacrificial altar of Ru.
  7376 | D:7      | Found an ancient bone altar of Kikubaaqudgha.
  7728 | D:7      | Found Geow's Antique Armour Boutique.
  7733 | D:7      | Reached skill level 5 in Dodging
  7736 | D:7      | Bought a kite shield for 85 gold pieces
  7736 | D:7      | Bought a runed ring mail for 133 gold pieces
  7738 | D:7      | Bought a glowing leather armour for 95 gold pieces
  7870 | D:8      | Noticed a rime drake
  7891 | D:7      | Reached skill level 1 in Invocations
  8064 | D:8      | Reached XP level 10. HP: 71/71 MP: 9/11
  8173 | D:8      | Killed a rime drake
  8174 | D:8      | Reached skill level 12 in Polearms
  8632 | D:8      | Found a staircase to the Lair.
  8648 | D:8      | Reached skill level 5 in Fighting
  8788 | D:8      | Reached skill level 5 in Shields
 10093 | D:9      | Reached skill level 13 in Polearms
 10093 | D:9      | Reached XP level 11. HP: 71/79 MP: 14/14
 10420 | D:10     | Entered Level 10 of the Dungeon
 10420 | D:10     | Noticed SirDiesAlot's ghost (journeyman OpFE)
 10420 | D:10     | Found a runed translucent gate.
 10420 | D:10     | Found a runed translucent gate.
 10420 | D:10     | Found a runed translucent gate.
 10685 | D:10     | Noticed a two-headed ogre
 10696 | D:10     | Killed a two-headed ogre
 10700 | D:10     | Noticed a two-headed ogre
 10710 | D:10     | Killed a two-headed ogre
 11188 | D:10     | Found a sparkling altar of Nemelex Xobeh.
 11397 | D:11     | Noticed a manticore
 11566 | D:11     | Killed a manticore
 11710 | D:11     | Identified the +2 halberd of the Moon {spect, *Corrode Fly
                  | Int+6}
 11770 | D:11     | Reached skill level 14 in Polearms
 11823 | D:11     | Noticed Gastronok
 11825 | D:11     | Found a frozen archway.
 11838 | D:11     | Killed Gastronok
 11845 | D:11     | Reached skill level 5 in Evocations
 11875 | D:11     | Reached XP level 12. HP: 75/86 MP: 15/15
 11953 | D:11     | Found a runed translucent door.
 11974 | D:11     | Noticed abessonov's ghost (novice DsNe)
 12562 | D:11     | Killed abessonov's ghost
 12695 | D:12     | Got the Precepts of Reformation and the Band
 12893 | D:12     | Reached skill level 15 in Polearms
 12999 | D:12     | Found a staircase to the Orcish Mines.
 13264 | D:12     | Found a runed translucent gate.
 13265 | D:12     | Found a runed translucent gate.
 13266 | D:12     | Found a runed translucent gate.
 13266 | D:12     | Noticed an azure jelly
 13267 | D:12     | Noticed an acid blob
 13267 | D:12     | Noticed an acid blob
 13267 | D:12     | Noticed an azure jelly
 13268 | D:12     | Noticed an acid blob
 13269 | D:12     | Found a viscous altar of Jiyva.
 13269 | D:12     | Noticed an acid blob
 13269 | D:12     | Noticed an azure jelly
 13269 | D:12     | Noticed an acid blob
 13269 | D:12     | Noticed a quicksilver ooze
 13269 | D:12     | Noticed innerfire43's ghost (journeyman DsMo)
 13269 | D:12     | Noticed an azure jelly
 13270 | D:12     | Noticed an acid blob
 13640 | D:12     | Reached skill level 16 in Polearms
 13872 | D:12     | Reached skill level 1 in Stealth
 13876 | D:12     | Reached **** piety under Yredelemnul
 14365 | D:13     | Noticed a tengu warrior
 14382 | D:13     | Killed a tengu warrior
 14560 | D:13     | Found a gate leading to a gauntlet.
 14565 | Gauntlet | Entered a Gauntlet
 14565 | Gauntlet | Found a transporter.
 14565 | Gauntlet | Found a transporter.
 14578 | Gauntlet | Found a transporter.
 14580 | Gauntlet | Found a transporter.
 14588 | Gauntlet | Found a transporter.
 14593 | Gauntlet | Found a transporter.
 14596 | Gauntlet | Noticed an entropy weaver
 14601 | Gauntlet | Found a transporter.
 14618 | Gauntlet | Noticed a sixfirhy
 14621 | Gauntlet | Found a transporter.
 14622 | Gauntlet | Noticed a sixfirhy
 14624 | Gauntlet | Noticed a sixfirhy
 14638 | Gauntlet | Found a transporter.
 14642 | Gauntlet | Found a transporter.
 14650 | Gauntlet | Found a transporter.
 14654 | Gauntlet | Found a transporter.
 14806 | Gauntlet | Killed an entropy weaver
 14809 | Gauntlet | Slain by a wolf spider

Illustrated notes

Levels and vault maps discovered:
D:1:      dpeg_arrival_tiny_h, layout_rooms, basic_ecumenical_altar,
          serial_rivers, chequers_serial_rivers_large_b,
          chequers_serial_rivers_micro_c, chequers_serial_rivers_micro_b,
          chequers_serial_rivers_micro_c, chequers_serial_rivers_micro_e
D:2:      layout_basic, uniq_natasha
D:3:      layout_loops_ring, xom_confusion_cloud, gup_sewer_entry_bowl,
          uniq_robin
D:4:      minmay_angry_zag, layout_cave_pods, nicolae_overflow_crystal_walls,
          mainiacjoe_overflow_concentric_impassable, mrwooster_statue_mirror,
          uniq_ijyb
D:5:      layout_rooms, minmay_temple_entry_overgrown, uniq_crazy_yiuf_cottage
D:6:      layout_basic, nicolae_nh_ransacked_shop
D:7:      layout_loops_corners, minmay_overflow_temple_star_quad, serial_shops,
          nicolae_shop_getting_attention, shop, minmay_misc_feat_enclosed
D:8:      layout_rooms, hellmonk_lair_entry_icy, minmay_quadrilaterals
D:9:      nicolae_cairo_tiling_large_dashed, layout_stronghold
D:10:     layout_long_grid, nemelex_spade_bored_becter,
          gammafunk_ghost_spectres, st_stairs_6, dk_noncrumbling_3
D:11:     layout_layer_cave, portal_ice_cave_entry_pillars_2,
          ebering_ghost_reflecting_pool, serial_bayou_crossing, uniq_gastronok
D:12:     layout_basic, zombieorc2_lemuel, serial_ice, serial_ice_m,
          serial_ice_g, serial_ice_a, serial_ice_i, serial_ice_c, serial_ice_f,
          gammafunk_ghost_ooze
D:13:     layout_loops_ring, david_vaults_1, gauntlet_entry_generic
Temple:   regret_index_temple_waves
Gauntlet: minmay_gauntlet_77_indecision [minmay_gauntlet_arena_77_box,
          minmay_gauntlet_arena_77_hold_the_fort,
          minmay_gauntlet_arena_77_p_blocks,
          minmay_gauntlet_arena_77_broken_ladder,
          minmay_gauntlet_arena_77_mirror, minmay_gauntlet_arena_77_block_sizes,
          nicolae_gauntlet_exit_dead_adventurers]

Skill      XL: |  1  2  3  4  5  6  7  8  9 10 11 12 |
---------------+-------------------------------------+-----
Polearms       | 4 5 6 7 8 10 11 13 14 16 | 16.0
Evocations     | 2 3 5 |  5.0
Shields        | 3 5 6 |  6.2
Dodging        | 5 8 |  8.4
Invocations    | 1 4 |  4.0
Fighting       | 5 |  5.9
Stealth        | 3 |  3.4

Action                     |  1- 3 |  4- 6 |  7- 9 | 10-12 || total
---------------------------+-------+-------+-------+-------++-------
  Melee: Spear             |    50 |   160 |   198 |       ||   408
         Halberd           |       |       |   206 |   470 ||   676
Ability: Dig               |       |     1 |     1 |     2 ||     4
  Evoke: Wand              |       |       |     3 |     4 ||     7
    Use: Scroll            |     6 |     5 |     6 |    13 ||    30
         Potion            |       |     2 |     8 |     8 ||    18
   Stab: Sleeping          |     1 |       |     3 |     1 ||     5
         Confused          |       |       |     2 |       ||     2
         Distracted        |       |       |     1 |     6 ||     7
         Invisible         |       |       |     7 |       ||     7
 Armour: Robe              |     3 |     7 |    20 |       ||    30
         Skin              |       |     4 |       |       ||     4
         Leather armour    |       |       |     7 |    38 ||    45
  Dodge: Dodged            |    19 |    45 |   182 |   243 ||   489
  Block: Buckler           |       |       |    37 |       ||    37
         Kite shield       |       |       |    16 |   204 ||   220

Table legend: (Time is in decaauts)
 A = Elapsed time spent in this place.
 B = Non-inter-level travel time spent in this place.
 C = Inter-level travel time spent in this place.
 D = Time resting spent in this place.
 E = Time spent auto-exploring this place.
 F = Levels seen in this place.
 G = Mean time per level.
                   A        B        C        D        E       F      G
               +--------+--------+--------+--------+--------+-----+--------+
         Total |  14918 |  14486 |    432 |   2880 |   8104 |  16 |  932.4 |
       Dungeon |  13106 |  12741 |    365 |   2439 |   7365 |  13 | 1008.2 |
        Temple |    206 |    139 |     67 |      0 |    120 |   1 |  206.0 |
         Sewer |   1366 |   1366 |      0 |    441 |    523 |   1 | 1366.0 |
      Gauntlet |    238 |    238 |      0 |      0 |     96 |   1 |  238.0 |
               +--------+--------+--------+--------+--------+-----+--------+

Top non-repeatable levels by time:
    D:12: 1670 daAuts
     D:7: 1399 daAuts
   Sewer: 1366 daAuts
     D:9: 1200 daAuts
    D:10: 1123 daAuts
    D:11: 1090 daAuts
     D:4: 1055 daAuts
     D:6: 963 daAuts
     D:8: 923 daAuts
     D:5: 908 daAuts
     D:1: 862 daAuts
     D:2: 846 daAuts
     D:3: 824 daAuts
    D:13: 239 daAuts
Gauntlet: 238 daAuts
